AoeStats
← Prometheus

Arena

509694717Analyzed
1v1 RM · 4d ago on Sep 27, 2026· 35m 46s· 2 players
Game mode
Random Map
Map size
Tiny (2 player)
Population
200
Speed
Normal
Resources
Standard
Victory
Conquest
Starting age
Dark Age
Ending age
Imperial Age
RankedLock teamsTeams togetherTeam positionsShared explorationLock speedFull tech treeHidden civsTurbo modeCheats
Victory
Defeat
🇬🇧 Turks · United Kingdom
963
+16
🇮🇳 Dravidians · India
957
-16
Markus_Wolf
10:01 Feudal Age
14:07 Castle Age
12:02 Double-Bit Axe
12:23 Horse Collar
14:23 Gold Mining
15:35 Bow Saw
20:25 Loom
21:05 Town Watch
21:55 Wheelbarrow
24:05 Hand Cart
27:42 Imperial Age
26:23 Heavy Plow
25:54 Pikeman
26:35 Squires
26:59 Scale Mail Armor
27:09 Forging
27:19 Fletching
27:30 Padded Archer Armor
28:03 Chain Mail Armor
28:08 Halberdier
29:06 Bodkin Arrow
29:46 Iron Casting
30:51 Chemistry
30:02 Fortified Wall
30:30 Leather Archer Armor
30:10 Arson
31:19 Thumb Ring
31:23 Bracer
31:53 Plate Mail Armor
32:15 Scale Barding Armor
31:59 Elite Elephant Archer
34:30 Blast Furnace
34:57 Ring Archer Armor
35:44 Two-Man Saw
Prometheus
10:28 Feudal Age
11:31 Double-Bit Axe
13:06 Horse Collar
15:37 Castle Age
13:23 Horse Collar
15:26 Scale Barding Armor
20:15 Bow Saw
22:10 Stone Mining
22:09 Loom
22:10 Town Watch
22:39 Heavy Plow
22:42 Gold Mining
23:39 Wheelbarrow
23:42 Bloodlines
23:33 Husbandry
24:08 Forging
25:25 Hand Cart
29:54 Imperial Age
28:41 Chain Barding Armor
28:12 Fletching
28:36 Padded Archer Armor
29:51 Bodkin Arrow
31:16 Conscription
31:34 Plate Barding Armor
32:04 Two-Man Saw
32:08 Artillery
33:07 Gold Shaft Mining
34:01 Leather Archer Armor
Connection lost

Rejoining the realm…

Still unreachable

The connection could not be restored.

Session expired

The server has moved on; the page needs a fresh start.